 Dungeon Crawl Stone Soup version 0.27-a0-1555-g0e7b3fb1d2 (webtiles) character file.

Game seed: 17155016926873424452

108134 wakim the Spry (level 16, -4/117 HPs)
             Began as a Merfolk Gladiator on July 14, 2021.
             Was a High Priest of the Shining One.
             Engulfed by a swamp dragon's poison gas (9 damage)
             ... on level 4 of the Lair of Beasts.
             The game lasted 01:30:18 (40650 turns).

wakim the Spry (Merfolk Gladiator)                 Turns: 40650, Time: 01:30:19

Health: -4/117     AC: 15    Str: 14    XL:     16   Next: 48%
Magic:  24/24      EV: 27    Int:  9    God:    the Shining One [*****.]
Gold:   1658       SH: 14    Dex: 21    Spells: 15/15 levels left

rFire    + . .     SeeInvis .   a - +0 trident (flame)
rCold    + . .     Faith    .   Q - +2 kite shield {rC+ rF+}
rNeg     + + .     Spirit   .   g - +0 troll leather armour
rPois    .         Reflect  .   c - +1 helmet
rElec    .         Harm     .   e - +0 cloak
rCorr    .         Rampage  .   E - +0 pair of gloves {archery}
Will     +....     Rnd*Tele +   s - +0 pair of boots
Stlth    +.........             n - amulet of the acrobat
HPRegen  1.29/turn              h - +4 ring of evasion
MPRegen  0.19/turn              d - +4 ring of protection

@: lethally poisoned (-4 -> -55), glowing
A: (nimble swimmer 2), mertail, teleportitis 1
a: Renounce Religion, Divine Shield, Cleansing Flame, Summon Divine Warrior


You were on level 4 of the Lair of Beasts.
You worshipped the Shining One.
The Shining One was extremely pleased with you.
You visited 5 branches of the dungeon, and saw 25 of its levels.
You visited the Abyss 1 time.

You collected 2162 gold pieces.
You spent 504 gold pieces at shops.

Inventory:

Hand Weapons
 a - a +0 trident of flaming (weapon)
 b - a +1 trident of venom
Missiles
 l - 2 boomerangs of dispersal {=f!f}
 o - 2 datura-tipped darts
 p - 53 poisoned darts (quivered)
 z - 18 boomerangs
 A - 2 throwing nets {=f!f}
 I - 5 silver javelins
 U - 8 atropa-tipped darts
Armour
 c - a +1 helmet (worn)
 e - a +0 cloak (worn)
 g - a +0 troll leather armour (worn)
 j - the +3 warlock's mirror {reflect}
   (You acquired it on level 6 of the Dungeon)

   It can block and reflect piercing ranged attacks and magical attacks against
   the wielder's willpower.
 s - a +0 pair of boots (worn)
 E - a +0 pair of gloves of archery (worn)
 Q - a +2 kite shield of resistance (worn)
Jewellery
 d - a +4 ring of protection (right hand)
 f - a ring of magical power
 h - a +4 ring of evasion (left hand)
 k - a ring of resist corrosion
 m - a ring of see invisible
 n - an amulet of the acrobat (around neck)
Wands
 q - a wand of iceblast (12)
 u - a wand of mindburst (20)
 v - a wand of flame (47)
 w - a wand of acid (5)
 x - a wand of charming (7)
Scrolls
 i - 2 scrolls of enchant armour
 r - 10 scrolls of identify
 t - a scroll of enchant weapon
 R - 2 scrolls of magic mapping {!r}
 S - 2 scrolls of summoning
 T - 3 scrolls of teleportation
 X - 3 scrolls of fog
 Y - 2 scrolls of blinking {!r}
 Z - a scroll of silence {!r}
Potions
 B - 5 potions of attraction {!q}
 C - 2 potions of berserk rage {!q}
 D - 4 potions of brilliance
 G - 7 potions of flight
 H - 2 potions of haste
 J - 5 potions of heal wounds
 K - a potion of magic
 L - 3 potions of lignification {!q}
 M - 2 potions of mutation {!q}
 N - 2 potions of might
 O - a potion of resistance


   Skills:
 - Level 8.0 Fighting
 * Level 15.9 Polearms
 + Level 11.0 Throwing
 * Level 6.0 Armour
 + Level 16.4 Dodging
 + Level 9.4 Shields
 * Level 11.6 Invocations
 - Level 12.0 Evocations


You had 15 spell levels left.
You didn't know any spells.
Your spell library contained the following spells:

 Spells                   Type           Power      Damage    Failure   Level
 Apportation              Tloc           0%         N/A       71%         1
 Corona                   Hex            0%         N/A       71%         1
 Freeze                   Ice            0%         1d3       71%         1
 Shock                    Conj/Air       0%         1d3       71%         1
 Sting                    Tmut/Pois      0%         1d3       71%         1
 Ensorcelled Hibernation  Hex/Ice        0%         N/A       83%         2
 Poisonous Vapours        Pois/Air       0%         N/A       83%         2
 Call Canine Familiar     Summ           0%         N/A       97%         3
 Dazzling Flash           Conj/Hex       0%         N/A       97%         3
 Frozen Ramparts          Ice            0%         1d2       97%         3
 Ozocubu's Armour         Ice            0%         N/A       97%         3
 Portal Projectile        Hex/Tloc       0%         N/A       97%         3
 Spider Form              Tmut/Pois      0%         N/A       97%         3
 Stone Arrow              Conj/Erth      0%         3d7       97%         3
 Summon Guardian Golem    Hex/Summ       0%         N/A       97%         3
 Swiftness                Air            0%         N/A       97%         3
 Tukima's Dance           Hex            0%         N/A       97%         3
 Airstrike                Air            0%         N/A       100%        4
 Animate Armour           Summ/Erth      0%         N/A       100%        4
 Hailstorm                Conj/Ice       0%         3d3       100%        4
 Leda's Liquefaction      Hex/Erth       0%         N/A       100%        4
 Olgreb's Toxic Radiance  Pois           0%         N/A       100%        4
 Agony                    Necr           0%         N/A       100%        5
 Alistair's Intoxication  Tmut/Pois      0%         N/A       100%        5
 Fireball                 Conj/Fire      0%         3d3       100%        5
 Iskenderun's Battlesphe  Conj           0%         2d6       100%        5
 Silence                  Hex/Air        0%         N/A       100%        5
 Invisibility             Hex            0%         N/A       100%        6
 Iron Shot                Conj/Erth      0%         9d1       100%        6
 Shadow Creatures         Summ           N/A        N/A       100%        6
 Starburst                Conj/Fire      0%         8x6d3     100%        6
 Orb of Destruction       Conj           0%         N/A       100%        7
 Ozocubu's Refrigeration  Ice            0%         4d5       100%        7
 Spellforged Servitor     Conj/Summ      0%         N/A       100%        7
 Ignition                 Fire           0%         3d3       100%        8
 Lehudib's Crystal Spear  Conj/Erth      0%         10d2      100%        8


Dungeon Overview and Level Annotations

Branches:
Dungeon (15/15)            Temple (1/1) D:6            Lair (6/6) D:8
  Swamp (1/4) Lair:4        Snake (0/4) Lair:2        Slime (0/5) Lair:6
    Orc (2/2) D:12            Elf (0/3) Orc:2        Vaults (0/5) D:13
 Depths (0/5) D:15

Altars:
Ashenzari
Cheibriados
Dithmenos
Elyvilon
Fedhas
Gozag
Hepliaklqana
Kikubaaqudgha
Makhleb
Nemelex Xobeh
Okawaru
Qazlal
Ru
Sif Muna
Trog
Uskayaw
Vehumet
Wu Jian
Xom
Yredelemnul
Zin
The Shining One
Beogh
Lugonu

Shops:
Orc:1 **   Orc:2 =[**(

Portals:
Abyss: Lair:4


Innate Abilities, Weirdness & Mutations

((You are quick and stealthy near water. (Stealth+, EV+, Speed+++)))
Your lower body shifts to a powerful aquatic tail in water.
You are occasionally teleported next to monsters.


Message History

* * * LOW HITPOINT WARNING * * *
You feel extremely sick. The swamp dragon barely misses you.
The swamp dragon completely misses you. x2
You hit the swamp dragon but do no damage.
The swamp dragon is heavily wounded.
You are engulfed in poison gas.
You are more poisoned.
* * * LOW HITPOINT WARNING * * *
* * * LOW HITPOINT WARNING * * *
You feel extremely sick.
* * * LOW HITPOINT WARNING * * *
You feel extremely sick.
You feel much better.
* * * LOW HITPOINT WARNING * * *
You feel extremely sick. You block the swamp dragon's attack.
The swamp dragon claws you but does no damage.
The swamp dragon completely misses you.
You puncture the swamp dragon! You burn the swamp dragon.
The swamp dragon is severely wounded.
* * * LOW HITPOINT WARNING * * *
You feel extremely sick. You block the swamp dragon's attack. x2
The swamp dragon completely misses you.
You hit the swamp dragon but do no damage.
The swamp dragon is severely wounded.
* * * LOW HITPOINT WARNING * * *
You feel very sick.
The swamp dragon breathes poison at you.
The blast of poison engulfs you.
You are more poisoned.
* * * LOW HITPOINT WARNING * * *
Aiming: Throw Flame
Press: ? - help, Shift-Dir - straight line, f/p - swamp dragon
Aim: a swamp dragon (poison gas, severely wounded, poisoned, catching its breath, haloed, 90% to hit)
The puff of flame hits the swamp dragon.
The swamp dragon is severely wounded.
You are engulfed in poison gas.
You are more poisoned.
You die...

P#.....###....#....#..#..........
##...### ##.#......########...#<.
###..# #÷#...P....§..# ##..#.# #
#.#######.............# #....#
###.# #...........§§§§.§## #..#.#
#..###.........#.§§§§.#.###....#
#..P##........##○§>§§.#........#
###.##..###....##☼.§.§§§###..#..#
.##.##..###....#@D#§§§.## #......
........##....○☼☼☼☼..<## ##....P
......#..##..####☼○#..### ##..#.#
###P.##..#.P.##...##P...# #.....#
#####...........####.#####....#
##.P##..#..##.# ##.....##..#
#.#####.##.########...###... ###
#.###..##.###..#.###..
##..........##....# #.#


You could see a swamp dragon (poisoned, catching breath).

Vanquished Creatures
  2 tentacled starspawn (Abyss:2)
  Nessos (D:13)
  The ghost of Uliluyj the Destroyer, a journeyman DsCj of Gozag (Lair:5)
  An ettin (D:15)
  Josephine (Lair:5)
  A fire dragon (Lair:6)
  A yaktaur captain (D:13)
  Harold (D:10)
  9 hydras
  An ogre mage (D:15)
  2 boulder beetles
  A rakshasa (D:14)
  7 centaur warriors
  An alligator (Swamp:1)
  10 two-headed ogres
  4 death yaks
  2 tengu warriors (D:14)
  4 thrashing horrors (Abyss:2)
  Urug (D:11)
  Nergalle (D:10)
  An iron troll (D:13)
  A large abomination (Abyss:2)
  2 deep trolls (D:15)
  Pikel (D:8)
  2 wizards (D:15)
  4 orc knights
  2 deep elf pyromancers
  3 lindwurms
  6 ugly things (D:15)
  An oklob plant (Lair:1)
  2 orc sorcerers
  7 manticores
  A salamander (shapeshifter) (D:12)
  A worldbinder (Abyss:2)
  13 elephants
  4 cyclopes
  A rust devil (Abyss:2)
  12 black mambas
  3 torpor snails
  An apocalypse crab (Abyss:2)
  A gargoyle (D:12)
  3 molten gargoyles (Lair:6)
  Maggie (D:7)
  11 cane toads
  A kobold demonologist (D:12)
  An unseen horror (D:12)
  Psyche (D:8)
  4 rime drakes
  8 komodo dragons
  5 trolls
  An ancient zyme (Abyss:2)
  A tengu conjurer (D:14)
  A meliai (shapeshifter) (D:13)
  2 polar bears
  A hornet (shapeshifter) (Abyss:2)
  9 blink frogs (Lair:6)
  10 slime creatures
  A slime creature (shapeshifter) (D:13)
  8 dream sheep
  2 flying skulls (Abyss:2)
  3 shadows
  A ynoxinul (Abyss:2)
  2 vampires
  A redback (D:13)
  Eustachio (D:6)
  4 wraiths
  3 water elementals (D:13)
  40 yaks
  9 wyverns
  12 basilisks
  4 steam dragons
  4 vampire mosquitoes
  3 neqoxecs (Abyss:2)
  Menkaure (D:6)
  4 hell hounds (Lair:6)
  Edmund (D:5)
  A swamp worm (D:12)
  An acid dragon (D:11)
  26 water moccasins
  5 black bears
  32 orc warriors
  A sky beast (D:5)
  3 ice beasts
  6 ogres
  12 wolves
  23 centaurs
  A lemure (D:8)
  A phantom (D:5)
  3 kobold brigands
  Blork the orc (D:5)
  9 bullfrogs
  A gnoll sergeant (D:10)
  3 scorpions
  A water moccasin zombie (D:6)
  A water moccasin skeleton (D:6)
  15 killer bees
  3 wights
  6 howler monkeys
  4 electric eels
  4 hounds
  7 starcursed masses (Abyss:2)
  4 centaur zombies
  5 lava snakes (Lair:6)
  A bullfrog skeleton (D:6)
  2 bullfrog zombies
  A gnoll shaman (D:9)
  Crazy Yiuf (D:3)
  17 orc priests
  A centaur skeleton (D:4)
  An iguana (D:8)
  17 orc wizards
  4 small abominations (Abyss:2)
  9 gnolls
  A howler monkey skeleton (D:6)
  3 adders
  7 river rats (D:5)
  A white imp (D:8)
  An ufetubus (Abyss:2)
  3 adder skeletons
  A worm (D:2)
  6 dart slugs
  76 orcs
  2 ball pythons (D:3)
  4 bats
  5 endoplasms
  A giant cockroach (D:1)
  6 hobgoblins
  12 jackals
  20 kobolds
  4 quokkas
  2 frilled lizards
  11 goblins
  21 rats
  2 lurking horrors
707 creatures vanquished.

Vanquished Creatures (collateral kills)
  A naga warrior (D:12)
1 creature vanquished.

Vanquished Creatures (others)
  5 dream sheep (D:9)
  An orc warrior (Orc:2)
  An orc priest (D:12)
  An orc wizard (D:5)
  A bush (D:8)
  28 fungi
  2 lurking horrors (Abyss:2)
  70 plants
  13 starspawn tentacles (Abyss:2)
122 creatures vanquished.

Grand Total: 830 creatures vanquished

Notes
Turn   | Place    | Note
-------+----------+-------------------------------------------
     0 | D:1      | wakim the Merfolk Gladiator began the quest for the Orb.
     0 | D:1      | Reached XP level 1. HP: 16/16 MP: 1/1
   344 | D:1      | Reached XP level 2. HP: 22/22 MP: 2/2
   450 | D:1      | Reached skill level 5 in Polearms
   787 | D:1      | Reached XP level 3. HP: 27/27 MP: 3/3
  1093 | D:2      | Reached skill level 5 in Dodging
  1271 | D:2      | Found a sparkling altar of Nemelex Xobeh.
  1590 | D:2      | Reached XP level 4. HP: 33/33 MP: 4/4
  2393 | D:3      | Reached XP level 5. HP: 30/38 MP: 5/5
  2663 | D:3      | Found a runed translucent door.
  2664 | D:3      | Noticed Crazy Yiuf
  3182 | D:4      | Found a burning altar of Makhleb.
  3189 | D:4      | Reached skill level 6 in Dodging
  3195 | D:4      | Noticed an ogre
  3217 | D:4      | Killed an ogre
  3218 | D:4      | Reached XP level 6. HP: 44/44 MP: 6/6
  3330 | D:4      | Found a sacrificial altar of Ru.
  3373 | D:4      | Reached skill level 7 in Dodging
  3941 | D:4      | Reached XP level 7. HP: 15/50 MP: 7/7
  4784 | D:5      | Entered Level 5 of the Dungeon
  4816 | D:5      | Noticed Blork the orc
  4831 | D:5      | Killed Blork the orc
  4832 | D:5      | Reached skill level 8 in Dodging
  5378 | D:5      | Reached skill level 9 in Dodging
  5378 | D:5      | Reached XP level 8. HP: 49/56 MP: 8/8
  5670 | D:5      | Reached skill level 10 in Polearms
  6681 | D:5      | Reached skill level 1 in Evocations
  7011 | D:6      | Noticed Edmund
  7202 | D:5      | Killed Edmund
  7319 | D:6      | Reached XP level 9. HP: 57/65 MP: 9/9
  7341 | D:6      | Noticed Eustachio
  7613 | D:6      | Noticed Menkaure
  7625 | D:6      | Killed Menkaure
  7677 | D:6      | Found a staircase to the Ecumenical Temple.
  7701 | Temple   | Entered the Ecumenical Temple
  8084 | Temple   | Became a worshipper of the Shining One
  8458 | D:6      | Killed Eustachio
  9137 | D:7      | Noticed Maggie
  9149 | D:7      | Reached skill level 5 in Fighting
  9246 | D:7      | Reached skill level 1 in Invocations
  9637 | D:6      | Identified a scroll of acquirement
  9637 | D:6      | Acquired the +3 warlock's mirror {reflect}
  9638 | D:6      | Found the +3 warlock's mirror {reflect}
  9861 | D:8      | Noticed Psyche
  9875 | D:8      | Reached skill level 1 in Shields
  9905 | D:8      | Noticed Pikel
 10097 | D:7      | Reached XP level 10. HP: 45/74 MP: 11/11
 10219 | D:7      | Killed Maggie
 10615 | D:8      | Found a staircase to the Lair.
 10879 | D:8      | Found a hide-covered altar of Uskayaw.
 11206 | D:8      | Reached skill level 5 in Evocations
 11247 | D:8      | Found a radiant altar of Vehumet.
 11248 | D:8      | Found a shimmering blue altar of Sif Muna.
 11302 | D:8      | Killed Psyche
 11662 | D:8      | Killed Pikel
 11663 | D:8      | Reached skill level 10 in Dodging
 11663 | D:8      | Reached skill level 5 in Invocations
 11820 | D:8      | Found a hazy altar of Hepliaklqana.
 11853 | D:9      | Reached * piety under the Shining One
 12734 | D:9      | Reached XP level 11. HP: 83/83 MP: 15/15
 12949 | D:9      | Found an iron altar of Okawaru.
 13386 | D:9      | Found a shimmering altar of Xom.
 13421 | D:10     | Entered Level 10 of the Dungeon
 13650 | D:10     | Reached skill level 11 in Dodging
 14084 | D:10     | Noticed a two-headed ogre
 14107 | D:10     | Killed a two-headed ogre
 14142 | D:10     | Found a snail-covered altar of Cheibriados.
 14282 | D:11     | Noticed Nergalle
 14282 | D:11     | Noticed Urug
 14352 | Lair:1   | Entered Level 1 of the Lair of Beasts
 14357 | Lair:1   | Noticed an oklob plant
 15046 | Lair:1   | You fall into a shaft and drop 1 floor!
 15057 | Lair:2   | Reached ** piety under the Shining One
 15357 | Lair:1   | Reached skill level 12 in Dodging
 15902 | Lair:1   | The Shining One protects you from harm!
 16564 | Lair:2   | Reached skill level 5 in Throwing
 17099 | Lair:2   | Found a staircase to the Snake Pit.
 17106 | Lair:2   | Reached XP level 12. HP: 92/92 MP: 12/16
 17111 | Lair:2   | Reached skill level 1 in Armour
 17470 | Lair:2   | Noticed a five-headed hydra
 17478 | Lair:2   | Killed a five-headed hydra
 17689 | Lair:2   | Noticed a four-headed hydra
 17704 | Lair:2   | Killed a four-headed hydra
 17710 | Lair:2   | Reached skill level 5 in Shields
 17719 | Lair:2   | Reached skill level 13 in Dodging
 19819 | Lair:3   | Reached XP level 13. HP: 74/98 MP: 16/18
 20161 | Lair:3   | Reached skill level 14 in Dodging
 20645 | Lair:4   | Found a corrupted altar of Lugonu.
 20648 | Lair:4   | Found a one-way gate to the infinite horrors of the Abyss.
 21359 | Lair:4   | Found a staircase to the Swamp.
 21887 | Lair:5   | Reached *** piety under the Shining One
 21892 | Lair:5   | Noticed Uliluyj's ghost (journeyman DsCj)
 21935 | Lair:5   | Found a transporter.
 21938 | Lair:5   | Found a transporter.
 22423 | D:3      | Killed Crazy Yiuf
 24106 | Lair:5   | Reached skill level 10 in Evocations
 24685 | Lair:6   | Entered Level 6 of the Lair of Beasts
 25195 | Lair:6   | Found a shimmering blue altar of Sif Muna.
 25551 | Lair:6   | Identified the +3 falchion "Reoheol" {drain, +Rage rPois
                  | rC- Int+3}
 25678 | Lair:6   | Reached XP level 14. HP: 104/105 MP: 20/20
 25695 | Lair:6   | Found a staircase to the Slime Pits.
 26002 | Lair:6   | Reached skill level 5 in Armour
 26419 | Lair:6   | Found a large runed translucent door.
 26420 | Lair:6   | Found a large runed translucent door.
 27509 | Lair:6   | Noticed Josephine
 27594 | Lair:5   | Killed Josephine
 28900 | D:11     | Reached **** piety under the Shining One
 29387 | D:11     | Killed Urug
 29390 | D:11     | Noticed Harold
 29463 | D:10     | Killed Nergalle
 29735 | D:10     | Killed Harold
 30190 | D:11     | You fall into a shaft and drop 2 floors!
 30208 | D:13     | Noticed a storm dragon
 30279 | D:12     | HP: 2/105 [gargoyle/stone arrow (31)]
 31385 | D:12     | Reached skill level 10 in Invocations
 31645 | D:12     | Reached skill level 15 in Dodging
 31822 | D:12     | Found a staircase to the Orcish Mines.
 31981 | D:12     | Found a large runed translucent door.
 31981 | D:12     | Found a large runed translucent door.
 32525 | Lair:5   | Reached XP level 15. HP: 93/110 MP: 19/22
 32564 | Lair:5   | Killed Uliluyj's ghost
 33599 | D:13     | Noticed Nessos
 33601 | D:13     | Killed Nessos
 33615 | D:13     | Found a radiant altar of Vehumet.
 34603 | Orc:1    | Entered Level 1 of the Orcish Mines
 35113 | Orc:1    | Found Aqis's CLEARANCE SALE! EVERYTHING MUST GO!.
 35143 | Orc:1    | Found Fapsejis's Assorted Antiques.
 35367 | Orc:2    | Entered Level 2 of the Orcish Mines
 35599 | Orc:2    | Found a staircase to the Elven Halls.
 35620 | Orc:2    | Found Uthresi's Weapon Shop.
 35629 | Orc:2    | Bought a +0 trident of flaming for 116 gold pieces
 35630 | Orc:2    | Cast into level 2 of the Abyss (unwielding a weapon of
                  | distortion)
 35650 | Abyss:2  | Gained mutation: You are occasionally teleported next to
                  | monsters. [a neqoxec]
 35710 | Abyss:2  | Noticed a bone dragon
 35722 | Abyss:2  | Found a corrupted altar of Lugonu.
 35783 | Abyss:2  | Reached ***** piety under the Shining One
 35887 | Abyss:2  | Noticed a tentacled starspawn
 35891 | Abyss:2  | Paralysed by accursed screaming for 1 turns
 35915 | Abyss:2  | Killed a tentacled starspawn
 35916 | Abyss:2  | Reached skill level 16 in Dodging
 35949 | Abyss:2  | Noticed a tentacled starspawn
 35965 | Abyss:2  | HP: 1/110 [tentacled starspawn (27)]
 35979 | Abyss:2  | Reached skill level 15 in Polearms
 36096 | Abyss:2  | Noticed a tentacled starspawn
 36116 | Abyss:2  | Killed a tentacled starspawn
 36174 | Abyss:2  | Found a corrupted altar of Lugonu.
 36336 | Abyss:2  | Noticed a tentacled starspawn
 36424 | Orc:2    | Escaped the Abyss
 36473 | Orc:2    | Found Ipastac's Armour Shop.
 36473 | Orc:2    | Found Metac's Assorted Antiques.
 36475 | Orc:2    | Found Zuky's Assorted Antiques.
 36477 | Orc:2    | Found Xuwaow's Jewellery Boutique.
 36589 | Orc:2    | Reached skill level 10 in Throwing
 36807 | Orc:2    | Bought a shiny kite shield for 217 gold pieces
 36807 | Orc:2    | Bought a brown potion for 26 gold pieces
 36807 | Orc:2    | Bought a small golden amulet for 145 gold pieces
 36921 | D:12     | Found an iron altar of Okawaru.
 36921 | D:12     | Found an iron altar of Okawaru.
 37139 | D:12     | Identified the +4 barding of the Spider Nest {Dex+2 Slay+2}
 37687 | D:13     | Found a gate to the Vaults.
 37912 | D:14     | Reached XP level 16. HP: 116/117 MP: 24/24
 38709 | D:15     | Entered Level 15 of the Dungeon
 38976 | D:15     | Paralysed by an orc sorcerer for 6 turns
 39038 | D:15     | Found a staircase to the Depths.
 40592 | Swamp:1  | Entered Level 1 of the Swamp
 40649 | Lair:4   | HP: 5/117 [swamp dragon/blast of poison (3)]
 40650 | Lair:4   | Engulfed by a swamp dragon's poison gas

Illustrated notes

Levels and vault maps discovered:
D:1:      amcnicky_arrival_flooded_fountain, layout_loops_ring
D:2:      layout_basic, basic_altar
D:3:      layout_rooms, uniq_crazy_yiuf_cottage
D:4:      layout_basic, nicolae_ru_the_path_less_chosen,
          mainiacjoe_overflow_paths, feat_on_display
D:5:      lemuel_ratsnest, layout_loops_ring, minivault_1, uniq_blork_the_orc
D:6:      minmay_flawed_box, layout_cave_pools, minmay_temple_entry_glass,
          uniq_eustachio, uniq_edmund, uniq_menkaure
D:7:      layout_cave_pools, uniq_maggie
D:8:      layout_loops_ring, mainiacjoe_overflow_tiny_flanked,
          gammafunk_temple_overflow_statue, worldfamousw_hep_ancestral_shrine,
          minmay_lair_entry_grove, uniq_psyche, uniq_pikel
D:9:      layout_layer_cave, kb_xom_exploding_sheep,
          mainiacjoe_overflow_boulevard, chequers_serial_rivers_micro_a
D:10:     layout_big_octagon, kennysheep_slug_shrine, minivault_16
D:11:     layout_basic, uniq_nergalle, uniq_urug, uniq_harold
D:12:     okawaru_arena_lexackson, layout_cave_pools, david_orc_5, worms_lemuel
D:13:     minmay_outward_triangles, layout_basic, david_vaults_4,
          vehumet_altar_wand_db, uniq_nessos
D:14:     layout_irregular_city, infiniplex_staircase_pillars_3a
D:15:     hangedman_depths_entry_civil_slaughter, layout_grid_maze
Temple:   nicolae_temple_figure_eight
Lair:1:   layout_roguey, beast_lair_carwin_7, grunt_megastairs_3,
          minmay_lair_oklob_chamber
Lair:2:   nzn_winding_woodlands_small [nzn_winding_woodlands_5x15_sidewinder,
          nzn_winding_woodlands_center_lodge,
          nzn_winding_woodlands_5x15_river_crossing], layout_regular_city,
          minmay_snake_entry_six_corridors
Lair:3:   layout_concentric_octagons, serial_bayou_lake_a
Lair:4:   layout_loops_ring, swamp_mist, st_stairs_13,
          amcnicky_altar_lugonu_corruption, serial_bayou_shore_a
Lair:5:   layout_gridlike, gammafunk_ghost_arena, minivault_26
Lair:6:   cheibrodos_lair_end_hotspot, layout_long_grid, slime_dummy,
          basic_altar, uniq_josephine
Swamp:1:  layout_basic_swamp, nicolae_swamp_orc_logging_accident, swamp_pool4,
          infiniplex_staircase_pool
Orc:1:    layout_caves, serial_shops, shop, nicolae_shop_clearance
Orc:2:    st_orc_rangers, layout_caves, serial_shops, shop

Skill      XL: |  1  2  3  4  5  6  7  8  9 10 11 12 13 14 15 16 |
---------------+-------------------------------------------------+-----
Polearms       | 5 6 7 8 9 11 13 14 15 | 15.9
Dodging        | 5 6 7 9 10 12 13 14 15 16 | 16.4
Evocations     | 2 4 6 8 10 12 | 12.0
Fighting       | 3 5 6 8 |  8.0
Invocations    | 2 5 6 7 9 10 11 | 11.6
Shields        | 2 4 5 7 8 9 |  9.4
Throwing       | 6 7 10 11 | 11.0
Armour         | 2 4 6 |  6.0

Action                   |  1- 3 |  4- 6 |  7- 9 | 10-12 | 13-15 | 16-18 || total
-------------------------+-------+-------+-------+-------+-------+-------++-------
Melee: Trident           |   129 |   124 |   265 |       |   719 |   490 ||  1727
       Halberd           |       |    19 |    48 |       |       |       ||    67
       Spear             |       |       |   321 |  1209 |  2156 |       ||  3686
       Tailslap          |       |       |       |       |     3 |       ||     3
Throw: Dart              |       |     5 |    32 |    66 |    38 |       ||   141
       Throwing net      |       |       |     3 |       |       |       ||     3
       Boomerang         |       |       |       |     2 |     8 |       ||    10
Invok: Divine Shield     |       |       |       |     3 |    13 |       ||    16
       Cleansing Flame   |       |       |       |       |    10 |       ||    10
       Summon Divine War |       |       |       |       |     1 |       ||     1
Evoke: Wand              |       |       |       |    19 |    21 |     3 ||    43
  Use: Scroll            |     1 |     3 |    13 |     5 |    13 |       ||    35
       Potion            |       |     2 |     3 |     1 |    10 |     3 ||    19
 Stab: Sleeping          |     4 |     1 |     1 |       |       |       ||     6
       Held in net/web   |       |       |     1 |       |       |       ||     1
Armor: Leather armour    |    22 |    15 |     1 |    32 |       |       ||    70
       Skin              |       |    14 |     4 |       |       |       ||    18
       Robe              |       |       |    62 |     8 |       |       ||    70
       Swamp dragon scal |       |       |       |    58 |   216 |       ||   274
       Troll leather arm |       |       |       |       |    66 |    54 ||   120
Dodge: Dodged            |    59 |    73 |   404 |   545 |  1513 |   319 ||  2913
Block: Buckler           |       |       |    19 |   373 |  1008 |       ||  1400
       Reflection        |       |       |       |    18 |   106 |       ||   124
       Kite shield       |       |       |       |       |   107 |   268 ||   375

Table legend: (Time is in decaauts)
 A = Elapsed time spent in this place.
 B = Non-inter-level travel time spent in this place.
 C = Inter-level travel time spent in this place.
 D = Time resting spent in this place.
 E = Time spent auto-exploring this place.
 F = Levels seen in this place.
 G = Mean time per level.
                   A        B        C        D        E       F      G
               +--------+--------+--------+--------+--------+-----+--------+
         Total |  38393 |  35565 |   2828 |   4782 |  23732 |  26 | 1476.7 |
       Dungeon |  22439 |  20536 |   1903 |   2770 |  13788 |  15 | 1495.9 |
        Temple |    403 |    384 |     19 |      0 |    262 |   1 |  403.0 |
          Lair |  13504 |  12661 |    843 |   1891 |   8534 |   6 | 2250.7 |
         Swamp |     34 |     34 |      0 |      0 |      7 |   1 |   34.0 |
  Orcish Mines |   1333 |   1272 |     61 |      0 |    906 |   2 |  666.5 |
         Abyss |    678 |    678 |      0 |    121 |    233 |   1 |  678.0 |
               +--------+--------+--------+--------+--------+-----+--------+

Top non-repeatable levels by time:
  Lair:6: 3006 daAuts
     D:5: 2679 daAuts
  Lair:1: 2312 daAuts
  Lair:5: 2295 daAuts
  Lair:2: 2257 daAuts
    D:12: 2183 daAuts
  Lair:4: 1889 daAuts
    D:13: 1847 daAuts
     D:9: 1755 daAuts
  Lair:3: 1743 daAuts
     D:4: 1711 daAuts
     D:3: 1543 daAuts
    D:15: 1520 daAuts
     D:8: 1520 daAuts
     D:7: 1396 daAuts
